 Dungeon Crawl Stone Soup version 0.30-a0-23-ge60ba3568b (webtiles) character file.

Game seed: 14021337774854903397

5911 Zonian the Covert (level 10, -4/63 HPs)
             Began as a Demonspawn Ice Elementalist on Aug 26, 2022.
             Was an Elder of Cheibriados.
             Slain by a fire dragon (13 damage)
             ... on level 10 of the Dungeon.
             The game lasted 00:31:54 (12093 turns).

Zonian the Covert (Demonspawn Ice Elementalist)    Turns: 12093, Time: 00:31:55

Health: -4/63      AC: 12    Str: 17    XL:     10   Next: 53%
Magic:  22/27      EV: 22    Int: 27    God:    Cheibriados [****..]
Gold:   356        SH:  6    Dex: 26    Spells: 9/20 levels left

rFire   . . .      SeeInvis .    h - +3 short sword
rCold   . . .      Faith    .    F - +0 buckler
rNeg    . . .      Spirit   .    J - +2 robe {Archmagi}
rPois   .          Reflect  .    (no helmet)
rElec   .          Harm     .    r - +2 cloak
rCorr   .          Rampage  .    (no gloves)
Will    .....      Archmagi +    t - +1 pair of boots
Stlth   +++++.....               d - amulet of regeneration
HPRegen 1.00/turn                K - ring of magical power
MPRegen 0.20/turn                o - +4 ring of evasion

@: freezing walls, very slow
A: hooves 1, molten scales 2, demonic guardian 1
a: Renounce Religion, Bend Time, Temporal Distortion, Slouch


You were on level 10 of the Dungeon.
You worshipped Cheibriados.
Cheibriados was greatly pleased with you.
You visited 1 branch of the dungeon, and saw 10 of its levels.

You collected 506 gold pieces.
You spent 150 gold pieces at shops.

Inventory:

Hand Weapons
 c - a +1 dagger of flaming
 g - a +0 sling
 h - a +3 short sword (weapon)
 A - a +0 sling
 E - a +3 falchion
 G - a +2 scimitar of freezing
 M - a +2 dagger of protection
Missiles
 x - 2 javelins
 y - 14 poisoned darts
 D - 2 throwing nets
 H - a boomerang of dispersal
Armour
 a - a +1 robe
 r - a +2 cloak (worn)
 t - a +1 pair of boots (worn)
 F - a +0 buckler (worn)
 J - a +2 robe of the Archmagi (worn)
Jewellery
 d - an amulet of regeneration (around neck)
 f - a ring of resist corrosion
 o - a +4 ring of evasion (right hand)
 K - a ring of magical power (left hand)
Wands
 e - a wand of digging (6)
 p - a wand of charming (17)
 v - a wand of acid (1)
 S - a wand of iceblast (8)
Scrolls
 j - 4 scrolls of silence
 s - a scroll of vulnerability
 I - a scroll of teleportation
 L - 3 scrolls of enchant weapon
 Q - a scroll of fear
 R - a scroll of amnesia
Potions
 b - 4 potions of magic
 i - 2 potions of might
 k - 3 potions of attraction
 l - a potion of lignification
 m - a potion of degeneration
 n - 3 potions of curing
 q - a potion of berserk rage
 u - a potion of invisibility
 w - 2 potions of brilliance
 z - a potion of cancellation
 B - a potion of flight
 C - 3 potions of haste
 N - 2 potions of mutation {unknown}
 O - a potion of heal wounds {unknown}
Miscellaneous
 P - a tin of tremorstones (2/2)


   Skills:
 + Level 1.3 Short Blades
 - Level 7.4 Dodging
 - Level 8.2 Stealth
 - Level 4.0 Shields
 - Level 5.6 Spellcasting
 + Level 1.5 Conjurations
 - Level 6.5 Ice Magic
 + Level 7.1 Invocations


You had 9 spell levels left.
You knew the following spells:

 Your Spells              Type           Power      Damage    Failure   Level
a - Freeze                Ice            100%       1d11      1%          1
b - Frozen Ramparts       Ice            100%       1d16      1%          3
c - Ozocubu's Armour      Ice            59%        N/A       1%          3
d - Hailstorm             Conj/Ice       44%        3d10      16%         4

Your spell library contained the following spells:

 Spells                   Type           Power      Damage    Failure   Level
 Magic Dart               Conj           96%        1d7       4%          1
 Beastly Appendage        Tmut           22%        N/A       9%          1
 Sandblast                Erth           22%        2d7       9%          1
 Call Imp                 Summ           11%        N/A       13%         2
 Passwall                 Tmut/Erth      9%         N/A       13%         2
 Sublimation of Blood     Necr           11%        N/A       13%         2
 Wereblood                Tmut           11%        N/A       13%         2
 Dazzling Flash           Conj/Hex       34%        N/A       19%         3
 Stone Arrow              Conj/Erth      34%        3d9       19%         3
 Mephitic Cloud           Conj/Pois/Air  15%        N/A       21%         3
 Ice Form                 Ice/Tmut       37%        N/A       22%         4
 Summon Ice Beast         Ice/Summ       37%        N/A       22%         4
 Portal Projectile        Hex/Tloc       22%        N/A       26%         3
 Spider Form              Tmut/Pois      11%        N/A       26%         3
 Tukima's Dance           Hex            11%        N/A       26%         3
 Petrify                  Tmut/Erth      11%        N/A       63%         4
 Irradiate                Conj/Tmut      8%         3d14      86%         5
 Agony                    Necr           11%        N/A       93%         5
 Blade Hands              Tmut           5%         N/A       93%         5
 Silence                  Hex/Air        5%         N/A       93%         5
 Chain Lightning          Conj/Air       8%         3d11      100%        9
 Fire Storm               Conj/Fire      8%         8d2       100%        9
 Shatter                  Erth           5%         3d8*      100%        9


Dungeon Overview and Level Annotations

Branches:
Dungeon (10/15)            Temple (0/1) D:6            Lair (0/5) D:10
    Orc (0/2) D:10

Altars:
Cheibriados
Fedhas
Hepliaklqana
Qazlal
Ru
Vehumet

Shops:
D:3 *

Annotations:
D:3 exclusion: statue
D:6 exclusions: 2 doors and 1 more exclusion
D:10 Maurice


Innate Abilities, Weirdness & Mutations

You have large cloven feet.
You are mostly covered in molten scales. (AC +3)
A weak demonic guardian rushes to your aid.


Message History

You feel a surge of power! A film of ice covers your body!
The fire dragon is frozen!
The wall freezes the fire dragon!!
The fire dragon barely misses you. The fire dragon closely misses you.
The fire dragon barely misses you.
Unknown command.
You barely miss the fire dragon.
The fire dragon is heavily wounded.
The wall freezes the fire dragon but does no damage.
The fire dragon closely misses you. x2; The fire dragon completely misses you.
You hit the fire dragon but do no damage.
The fire dragon is heavily wounded.
The wall freezes the fire dragon but does no damage.
You block the fire dragon's attack.
The fire dragon claws you but does no damage.
You block the fire dragon's attack.
Unknown command.
You hit the fire dragon but do no damage.
The fire dragon is heavily wounded.
The fire dragon is frozen!
The wall freezes the fire dragon!
The fire dragon barely misses you. The fire dragon closely misses you. x2
You puncture the fire dragon!
The fire dragon is heavily wounded.
The wall freezes the fire dragon but does no damage.
The fire dragon breathes flames at you. The blast of flame hits you!!!
Your icy armour melts away.
Ouch! That really hurt!
* * * LOW HITPOINT WARNING * * *
A demonic guardian appears!
You hear two shouts!
Okay, then.
Okay, then.
Aiming: Corrosive Bolt
Press: ? - help, Shift-Dir - straight line, f - fire dragon
Aim: a fire dragon (heavily wounded, catching its breath, ally target, 79% to hit)
The bolt of acid hits the fire dragon!
The acid corrodes the fire dragon!
The fire dragon is severely wounded.
The fire dragon is frozen!
The wall freezes the fire dragon!!
The fire dragon bites you!
You die...

.'. #..#######........##
.# #.................# .#
.######'##.........# .#
.........#.........# .# #
.........#.........## .# .
#. .........#...........
##
..#'#######...#...........
8........D#...#...........
.....8...@#.†.#...........
..(.....5.#...#....####'##
$?$..#'###...#....#......
.(.. #.......#....#......
.. #.......#....#......
#.......#....#......
#...#####....#......
#...#........##.....
#...#.........#.....


You could see a fire dragon (catching breath, corroded, ally target) and a
friendly quasit (summoned).

Vanquished Creatures
  A two-headed ogre (D:6)
  Pikel (D:8)
  A kobold demonologist (D:6)
  A wyvern (D:10)
  A wraith (D:9)
  4 yaks (D:9)
  Menkaure (D:7)
  An acid dragon (D:8)
  2 water moccasins
  2 ice beasts
  A black bear (D:5)
  2 orc warriors
  A sky beast (D:7)
  2 ogres
  A centaur (D:9)
  3 lemures (D:8)
  3 kobold brigands
  2 necrophages (D:5)
  A bullfrog (D:6)
  2 gnoll sergeants
  A scorpion (D:5)
  20 wights
  A jelly (D:8)
  7 orc priests
  A hound (D:7)
  A gnoll bouda (D:6)
  2 iguanas
  11 orc wizards
  15 gnolls
  6 adders
  2 river rats (D:10)
  3 worms
  2 dart slugs
  39 orcs
  4 ball pythons
  7 bats
  7 endoplasms
  4 goblins
  6 hobgoblins
  5 jackals (D:1)
  13 kobolds
  6 quokkas
  A frilled lizard (D:8)
  10 rats
207 creatures vanquished.

Vanquished Creatures (collateral kills)
  An orc (D:8)
1 creature vanquished.

Vanquished Creatures (others)
  An ufetubus (D:6)
1 creature vanquished.

Grand Total: 209 creatures vanquished

Notes
Turn   | Place    | Note
-------+----------+-------------------------------------------
     0 | D:1      | Zonian the Demonspawn Ice Elementalist began the quest for
                  | the Orb.
     0 | D:1      | Reached XP level 1. HP: 13/13 MP: 3/3
   284 | D:1      | Reached skill level 2 in Stealth
   353 | D:1      | Gained mutation: You are partially covered in molten
                  | scales. (AC +2) [demonic ancestry]
   353 | D:1      | Reached XP level 2. HP: 11/19 MP: 3/5
  1080 | D:1      | Found a faded altar of an unknown god.
  1234 | D:2      | Gained mutation: You are mostly covered in molten scales.
                  | (AC +3) [demonic ancestry]
  1234 | D:2      | Reached XP level 3. HP: 12/24 MP: 6/6
  2167 | D:2      | Reached XP level 4. HP: 30/30 MP: 7/7
  2230 | D:2      | Learned a level 3 spell: Frozen Ramparts
  2234 | D:2      | Learned a level 3 spell: Ozocubu's Armour
  2428 | D:3      | Found a snail-covered altar of Cheibriados.
  2474 | D:3      | Became a worshipper of Cheibriados the Contemplative
  2548 | D:3      | Found Heurepep's Assorted Antiques.
  2556 | D:3      | Bought a scroll labelled RANEMA ARAPSAX for 26 gold pieces
  2556 | D:3      | Bought a fizzy brown potion for 23 gold pieces
  2556 | D:3      | Bought a gluggy blue potion for 23 gold pieces
  2556 | D:3      | Bought a scroll labelled ROSOSY PIDEFOM ZAN for 26 gold
                  | pieces
  2556 | D:3      | Bought a scroll labelled ROSOSY PIDEFOM ZAN for 26 gold
                  | pieces
  3202 | D:3      | Found a radiant altar of Vehumet.
  3202 | D:3      | Noticed a charred statue
  3491 | D:4      | Reached skill level 3 in Stealth
  3491 | D:4      | Reached XP level 5. HP: 31/35 MP: 7/9
  3736 | D:4      | Identified a scroll of acquirement
  3736 | D:4      | Acquired an amulet of regeneration
  3900 | D:4      | You fall into a shaft and drop 3 floors!
  3916 | D:6      | Noticed an ice beast
  3944 | D:6      | Killed an ice beast
  3944 | D:6      | Reached * piety under Cheibriados
  4038 | D:6      | Reached XP level 6. HP: 34/41 MP: 11/11
  4092 | D:5      | Entered Level 5 of the Dungeon
  4350 | D:5      | Reached skill level 4 in Stealth
  4350 | D:5      | Reached skill level 5 in Ice Magic
  4350 | D:5      | Gained mutation: You have large cloven feet. [demonic
                  | ancestry]
  4350 | D:5      | Reached XP level 7. HP: 43/46 MP: 8/12
  6465 | D:6      | Noticed a kobold demonologist
  6465 | D:6      | Noticed a two-headed ogre
  6479 | D:6      | Killed a two-headed ogre
  6480 | D:6      | Reached skill level 5 in Dodging
  6480 | D:6      | Reached skill level 5 in Stealth
  6480 | D:6      | Reached skill level 5 in Spellcasting
  6480 | D:6      | Gained mutation: A weak demonic guardian rushes to your
                  | aid. [demonic ancestry]
  6480 | D:6      | Reached XP level 8. HP: 14/52 MP: 8/15
  6554 | D:6      | Noticed a rust devil
  6557 | D:6      | Killed a kobold demonologist
  6557 | D:6      | Reached ** piety under Cheibriados
  6776 | D:6      | Reached skill level 6 in Stealth
  6811 | D:6      | Found a stormy altar of Qazlal.
  7053 | D:6      | Reached XP level 9. HP: 54/57 MP: 17/17
  7176 | D:6      | Found a staircase to the Ecumenical Temple.
  7198 | D:6      | Reached skill level 1 in Invocations
  7551 | D:3      | Bought a scroll labelled XAOZYGG TEIQIUGG for 26 gold
                  | pieces
  8012 | D:7      | Noticed Menkaure
  8026 | D:7      | Killed Menkaure
  8027 | D:7      | Reached skill level 1 in Shields
  8404 | D:7      | Reached *** piety under Cheibriados
  8722 | D:7      | Noticed an angel
  8757 | D:7      | Identified the +1 leather armour "Igrut" {Rampage Fly Str+3
                  | Dex+2}
  8798 | D:7      | Reached skill level 7 in Stealth
  9147 | D:8      | Noticed Pikel
  9161 | D:8      | Killed Pikel
  9162 | D:8      | Reached skill level 5 in Invocations
  9226 | D:8      | Reached XP level 10. HP: 63/63 MP: 18/18
  9236 | D:8      | Found a sacrificial altar of Ru.
  9246 | D:8      | Reached **** piety under Cheibriados
  9483 | D:8      | Found a blossoming altar of Fedhas.
  9941 | D:8      | Found a hazy altar of Hepliaklqana.
 10371 | D:9      | Reached skill level 8 in Stealth
 10390 | D:9      | Noticed a two-headed ogre
 10902 | D:9      | Learned a level 4 spell: Hailstorm
 11293 | D:10     | Entered Level 10 of the Dungeon
 11293 | D:10     | Noticed a death yak
 11293 | D:10     | Found a staircase to the Orcish Mines.
 11293 | D:10     | Found a staircase to the Lair.
 11295 | D:10     | Noticed a death yak
 11295 | D:10     | Noticed a death yak
 11361 | D:9      | Reached skill level 1 in Short Blades
 11361 | D:9      | Reached skill level 1 in Conjurations
 11810 | D:10     | Noticed a gargoyle
 11839 | D:10     | Noticed Maurice
 12082 | D:10     | Noticed a fire dragon
 12093 | D:10     | Slain by a fire dragon

Illustrated notes

Levels and vault maps discovered:
D:1:      reono_arrival_mine, layout_basic, basic_ecumenical_altar
D:2:      layout_rooms, nicolae_concentric_dashed_squares_mild
D:3:      layout_loops_corners, vehumet_statue, mainiacjoe_overflow_brackets,
          serial_shops, shop
D:4:      layout_loops_ring, amcnicky_mini_rare_corridor_liquid,
          hangedman_decor_riveting
D:5:      layout_gridville
D:6:      kennysheep_big_flooded_room, layout_gridville,
          nicolae_overflow_crystal_walls, temple_green
D:7:      layout_rooms, zin_angel, uniq_menkaure
D:8:      layout_gridville, nicolae_ru_great_annihilating_truth, fedhas_altar_4,
          nicolae_hepliaklqana_hippocampus, uniq_pikel
D:9:      layout_loops_ring
D:10:     kennysheep_blocky_room, layout_irregular_city, dpeg_lair_monsters,
          minmay_orc_entry_temple_small, wad_floor_pattern_untrapped,
          uniq_maurice

Skill      XL: |  1  2  3  4  5  6  7  8  9 10 |
---------------+-------------------------------+-----
Dodging        | 2 3 5 6 7 |  7.4
Stealth        | 2 3 4 5 6 7 8 |  8.2
Ice Magic      | 4 5 6 |  6.5
Spellcasting   | 3 5 |  5.6
Invocations    | 5 7 |  7.1
Shields        | 3 4 |  4.0
Short Blades   | 1 |  1.3
Conjurations   | 1 |  1.5

Action                   |  1- 3 |  4- 6 |  7- 9 | 10-12 || total
-------------------------+-------+-------+-------+-------++-------
Melee: Unarmed           |     6 |       |       |       ||     6
       Short sword       |    68 |   145 |   262 |   219 ||   694
       Punch             |     2 |     2 |     3 |       ||     7
       Kick              |       |       |     4 |       ||     4
 Fire: Sling             |     7 |       |       |       ||     7
Throw: Javelin           |       |       |     2 |       ||     2
       Throwing net      |       |       |     1 |       ||     1
 Cast: Freeze            |    13 |    19 |    14 |       ||    46
       Ozocubu's Armour  |       |     1 |     5 |     6 ||    12
       Frozen Ramparts   |       |       |    15 |     8 ||    23
Invok: Bend Time         |       |       |       |     5 ||     5
Evoke: Wand              |       |       |    11 |     1 ||    12
  Use: Scroll            |       |    14 |    15 |     1 ||    30
       Potion            |       |     1 |     1 |       ||     2
 Stab: Sleeping          |     5 |     6 |     6 |     9 ||    26
       Distracted        |       |     1 |     3 |       ||     4
       Held in net/web   |       |       |     1 |       ||     1
       Paralysed         |       |       |       |     1 ||     1
Armor: Robe              |    18 |    31 |    82 |    33 ||   164
       Skin              |       |    22 |       |       ||    22
Dodge: Dodged            |    61 |   135 |   289 |   213 ||   698
Block: Buckler           |       |       |    39 |    79 ||   118

Table legend: (Time is in decaauts)
 A = Elapsed time spent in this place.
 B = Non-inter-level travel time spent in this place.
 C = Inter-level travel time spent in this place.
 D = Time resting spent in this place.
 E = Time spent auto-exploring this place.
 F = Levels seen in this place.
 G = Mean time per level.
                   A        B        C        D        E       F      G
               +--------+--------+--------+--------+--------+-----+--------+
         Total |  14737 |  14169 |    568 |   4241 |   6402 |  10 | 1473.7 |
       Dungeon |  14737 |  14169 |    568 |   4241 |   6402 |  10 | 1473.7 |
               +--------+--------+--------+--------+--------+-----+--------+

Top non-repeatable levels by time:
     D:9: 2065 daAuts
     D:5: 1973 daAuts
     D:6: 1635 daAuts
     D:3: 1586 daAuts
     D:4: 1546 daAuts
     D:8: 1540 daAuts
     D:7: 1365 daAuts
     D:1: 1223 daAuts
     D:2: 1028 daAuts
    D:10: 771 daAuts
